 Dungeon Crawl Stone Soup version 0.28-a0-247-gb8bfbab023 (webtiles) character file.

Game seed: 4616176468142072407

3020 gruber the Fighter (level 9, -2/74 HPs)
             Began as a Gnoll Wanderer on Aug 25, 2021.
             Was an Initiate of Gozag.
             Slain by a white ugly thing (13 damage)
             ... on level 11 of the Dungeon.
             The game lasted 00:15:37 (10814 turns).

gruber the Fighter (Gnoll Wanderer)                Turns: 10814, Time: 00:15:37

Health: -2/74      AC:  6    Str:  8    XL:     9   Next: 85%
Magic:  15/19      EV: 14    Int: 19    God:    Gozag
Gold:   255        SH:  6    Dex: 17    Spells: 16/21 levels left

rFire   + . .      SeeInvis .   S - +2 morningstar (freeze)
rCold   + . .      Faith    .   o - +0 buckler
rNeg    . . .      Spirit   .   b - +0 robe
rPois   +          Reflect  .   Q - +0 helmet
rElec   +          Harm     .   (no cloak)
rCorr   +          Rampage  .   g - +0 pair of gloves
Will    .....                   s - +0 pair of boots of the Fletcher {Stlth+}
Stlth   ++++......              (no amulet)
HPRegen 0.22/turn               q - +6 ring of dexterity
MPRegen 0.16/turn               r - ring of poison resistance

@: mighty, resistant, freezing walls, hasted, very quick
A: fangs 1, strong nose, distributed training
a: Renounce Religion, Potion Petition, Call Merchant, Bribe Branch


You were on level 11 of the Dungeon.
You worshipped Gozag.
Gozag was aware of your devotion.
You visited 2 branches of the dungeon, and saw 10 of its levels.
You also visited: Sewer and Ossuary.

You collected 976 gold pieces.
You paid 721 gold pieces to Gozag.

Inventory:

Hand Weapons
 a - a +0 dagger
 h - a +0 short sword
 i - a +2 short sword of electrocution
 B - a +2 trident of protection
 S - a +2 morningstar of freezing (weapon)
Missiles
 P - 3 throwing nets
Armour
 b - a +0 robe (worn)
 g - a +0 pair of gloves (worn)
 o - a +0 buckler (worn)
 s - the +0 pair of boots of the Fletcher (worn) {Stlth+}
   (You found it on level 4 of the Dungeon)

   Stlth:     It makes you more stealthy.
 Q - a +0 helmet (worn)
Jewellery
 q - a +6 ring of dexterity (left hand)
 r - a ring of poison resistance (right hand)
 y - a ring of positive energy
 F - a +6 ring of strength
 R - a +4 ring of protection
Wands
 k - a wand of mindburst (5)
 I - a wand of charming (10)
 L - a wand of digging (3)
 O - a wand of iceblast (5)
Scrolls
 d - 3 scrolls of immolation {unknown}
 e - 3 scrolls of summoning {unknown}
 f - 7 scrolls of identify {unknown}
 m - a scroll of amnesia {unknown}
 n - a scroll of noise {unknown}
 p - a scroll of blinking {unknown}
 t - 2 scrolls of acquirement {unknown}
 z - a scroll of enchant armour {unknown}
 D - 3 scrolls of magic mapping {unknown}
 E - a scroll of vulnerability {unknown}
 G - 2 scrolls of enchant weapon {unknown}
 H - 2 scrolls of teleportation {unknown}
 N - 2 scrolls of fear {unknown}
Potions
 c - a potion of lignification
 j - 4 potions of curing {unknown}
 l - a potion of brilliance {unknown}
 u - 7 potions of flight
 v - a potion of mutation
 w - 5 potions of heal wounds {unknown}
 x - a potion of magic {unknown}
 A - a potion of attraction {unknown}
 C - a potion of ambrosia {unknown}
 J - 2 potions of haste {unknown}
 K - 2 potions of might {unknown}
 M - a potion of cancellation {unknown}


   Skills:
 + Level 8.1 Fighting
 + Level 4.6 Short Blades
 + Level 4.6 Long Blades
 + Level 4.6 Axes
 + Level 4.6 Maces & Flails
 + Level 4.6 Polearms
 + Level 4.6 Staves
 + Level 4.6 Slings
 + Level 4.6 Bows
 + Level 4.6 Crossbows
 + Level 4.6 Throwing
 + Level 4.6 Armour
 + Level 4.6 Dodging
 + Level 4.6 Stealth
 + Level 5.4 Shields
 + Level 4.6 Unarmed Combat
 + Level 6.9 Spellcasting
 + Level 3.8 Conjurations
 + Level 4.4 Hexes
 + Level 3.8 Summonings
 + Level 3.8 Necromancy
 + Level 3.8 Translocations
 + Level 3.8 Transmutations
 + Level 5.4 Fire Magic
 + Level 3.8 Ice Magic
 + Level 3.8 Air Magic
 + Level 3.8 Earth Magic
 + Level 3.8 Poison Magic
 + Level 5.1 Invocations
 + Level 5.4 Evocations


You had 16 spell levels left.
You knew the following spells:

 Your Spells              Type           Power      Damage    Failure   Level
a - Shock                 Conj/Air       84%        1d8       1%          1
b - Sting                 Tmut/Pois      84%        1d7       1%          1
c - Frozen Ramparts       Ice            42%        1d6       6%          3

Your spell library contained the following spells:

 Spells                   Type           Power      Damage    Failure   Level
 Freeze                   Ice            84%        1d10      1%          1
 Ensorcelled Hibernation  Hex/Ice        44%        N/A       2%          2
 Poisonous Vapours        Pois/Air       42%        N/A       3%          2
 Static Discharge         Conj/Air       21%        N/A       3%          2
 Confusing Touch          Hex            23%        N/A       4%          3
 Tukima's Dance           Hex            23%        N/A       4%          3
 Dazzling Flash           Conj/Hex       44%        N/A       5%          3
 Stone Arrow              Conj/Erth      42%        3d9       6%          3
 Sticky Flame             Conj/Fire      24%        2d5       16%         4
 Dispel Undead            Necr           21%        3d11      21%         4
 Hailstorm                Conj/Ice       21%        3d6       21%         4
 Olgreb's Toxic Radiance  Pois           21%        N/A       21%         4


Dungeon Overview and Level Annotations

Branches:
Dungeon (8/15)             Temple (1/1) D:5           Sewer (visited)
Ossuary (visited)
   Lair: D:8-11

Altars:
Ashenzari
Cheibriados
Dithmenos
Elyvilon
Fedhas
Gozag
Hepliaklqana
Makhleb
Nemelex Xobeh
Okawaru
Qazlal
Ru
Sif Muna
Uskayaw
Vehumet
Wu Jian
Xom
Yredelemnul
Zin
The Shining One

Shops:
D:5 *   D:6 [   D:8 *[!


Innate Abilities, Weirdness & Mutations

You have very sharp teeth.
Your uncanny sense of smell can sniff out nearby items.
Your experience applies equally to all skills.


Message History

Press: ? - help, Dir - look around, f - activate The walls around you are covered in ice.
The white ugly thing resists.
The wall freezes the white ugly thing.
Unknown command.
Unknown command.
The sting misses the white ugly thing.
The sting hits the acid dragon.
The acid dragon partially resists.
The acid dragon is poisoned.
The acid dragon is lightly wounded.
The white ugly thing completely resists.
The wall freezes the white ugly thing but does no damage.
The white ugly thing kicks you. The white ugly thing freezes you!!
The wall freezes the acid dragon.
Unknown command.
Casting: Sting (safe; 1% risk of failure)
Confirm with . or Enter, or press ? or * to list all spells.
Okay, then.
Unknown command. [a] - 420 gold - heal wounds and haste [b] - 364 gold - heal wounds and magic [c] - 624 gold - resistance, might and haste Purchase which effect?
You no longer have enough gold to petition Gozag for potion effects.
You no longer have enough gold to fund merchants seeking to open stores in the dungeon.
You feel protected.
You feel very mighty all of a sudden.
You feel yourself speed up.
The white ugly thing resists.
The wall freezes the white ugly thing.
The white ugly thing kicks you. The white ugly thing freezes you! You resist.
* * * LOW HITPOINT WARNING * * *
The wall freezes the acid dragon.
Unknown command.
You are too injured to fight recklessly!
Unknown command.
You barely miss the white ugly thing.
The white ugly thing is almost dead.
The white ugly thing resists.
The wall freezes the white ugly thing.
The white ugly thing kicks you!
* * * LOW HITPOINT WARNING * * *
The white ugly thing freezes you! You resist.
You die...
Your body crumbles into a pile of gold.

∆ .
#####+###..
#.........[
#.D........
#@u.W......
#.##..##..#
### ###


You could see a white ugly thing, a wraith and an acid dragon (poisoned).

Vanquished Creatures
  A wraith (Ossuary)
  2 steam dragons (D:8)
  3 black bears
  5 sky beasts
  2 necrophages
  2 ogres
  A centaur (D:6)
  A phantom (D:3)
  A bullfrog (D:7)
  A kobold brigand (D:7)
  A gnoll sergeant (D:8)
  A wyvern zombie (D:7)
  3 scorpions
  6 wights
  A howler monkey (D:6)
  A centaur zombie (Ossuary)
  A bullfrog zombie (D:5)
  A jelly (D:4)
  3 orc priests
  A hound (D:5)
  A centaur skeleton (D:7)
  2 iguanas
  Terence (D:3)
  3 orc wizards (D:7)
  A hound skeleton (D:5)
  4 gnolls (D:8)
  5 adders
  A river rat (D:4)
  A shadow imp (D:7)
  2 white imps
  An ufetubus (D:5)
  2 adder zombies (Ossuary)
  An adder skeleton (D:4)
  6 worms
  2 dart slugs
  16 orcs
  8 bats
  10 endoplasms
  6 giant cockroaches
  7 goblins
  5 hobgoblins
  6 jackals
  15 kobolds
  7 quokkas
  6 ball pythons
  A ball python skeleton (Ossuary)
  5 frilled lizards
  A hobgoblin skeleton (Ossuary)
  2 hobgoblin zombies (Ossuary)
  A kobold zombie (Ossuary)
  2 orc skeletons (Ossuary)
  10 rats
179 creatures vanquished.

Vanquished Creatures (others)
  An orc (D:7)
1 creature vanquished.

Grand Total: 180 creatures vanquished

Notes
Turn   | Place    | Note
-------+----------+-------------------------------------------
     0 | D:1      | gruber the Gnoll Wanderer began the quest for the Orb.
     0 | D:1      | gruber set off with the following items: a +0 dagger, a +0
                  | robe, a potion of lignification; and the following spell
                  | memorised: Shock; and the following spells available to
                  | memorise: Ensorcelled Hibernation, Confusing Touch,
                  | Tukima's Dance, Dazzling Flash, Stone Arrow
     0 | D:1      | Reached XP level 1. HP: 23/23 MP: 6/6
   350 | D:1      | Reached XP level 2. HP: 29/29 MP: 4/7
   902 | D:1      | Found a faded altar of an unknown god.
  1156 | D:1      | Reached XP level 3. HP: 35/35 MP: 5/9
  1264 | D:1      | Reached skill level 5 in Spellcasting
  1774 | D:2      | Reached skill level 1 in Invocations
  1777 | D:2      | Learned a level 1 spell: Sting
  2242 | D:2      | Reached skill level 1 in Short Blades
  2242 | D:2      | Reached skill level 1 in Long Blades
  2242 | D:2      | Reached skill level 1 in Axes
  2242 | D:2      | Reached skill level 1 in Maces & Flails
  2242 | D:2      | Reached skill level 1 in Polearms
  2242 | D:2      | Reached skill level 1 in Staves
  2242 | D:2      | Reached skill level 1 in Slings
  2242 | D:2      | Reached skill level 1 in Bows
  2242 | D:2      | Reached skill level 1 in Crossbows
  2242 | D:2      | Reached skill level 1 in Throwing
  2242 | D:2      | Reached skill level 1 in Armour
  2242 | D:2      | Reached skill level 1 in Dodging
  2242 | D:2      | Reached skill level 1 in Stealth
  2242 | D:2      | Reached skill level 1 in Unarmed Combat
  2593 | D:3      | Reached XP level 4. HP: 36/41 MP: 6/11
  2862 | D:3      | Noticed Terence
  2881 | D:3      | Killed Terence
  2882 | D:3      | Reached skill level 1 in Conjurations
  2882 | D:3      | Reached skill level 1 in Summonings
  2882 | D:3      | Reached skill level 1 in Necromancy
  2882 | D:3      | Reached skill level 1 in Translocations
  2882 | D:3      | Reached skill level 1 in Transmutations
  2882 | D:3      | Reached skill level 1 in Ice Magic
  2882 | D:3      | Reached skill level 1 in Air Magic
  2882 | D:3      | Reached skill level 1 in Earth Magic
  2882 | D:3      | Reached skill level 1 in Poison Magic
  3861 | D:4      | Reached XP level 5. HP: 47/47 MP: 8/12
  4007 | D:4      | Found a glowing drain.
  4007 | D:4      | Noticed a black bear
  4093 | D:4      | Killed a black bear
  4094 | D:4      | Reached XP level 6. HP: 36/53 MP: 1/14
  4115 | D:4      | Identified the +0 pair of boots of the Fletcher {Stlth+}
  4191 | Sewer    | Entered a sewer
  5628 | D:4      | Reached XP level 7. HP: 59/59 MP: 10/15
  6015 | D:4      | Reached skill level 7 in Fighting
  6337 | D:5      | Entered Level 5 of the Dungeon
  6339 | D:5      | Found a staircase to the Ecumenical Temple.
  6357 | Temple   | Entered the Ecumenical Temple
  6456 | Temple   | Became a worshipper of Gozag Ym Sagoz the Greedy
  6500 | D:5      | Learned a level 3 spell: Frozen Ramparts
  7115 | D:5      | Found Qotseog's Elemental Accessories.
  7120 | D:5      | You fall into a shaft and drop 3 floors!
  7136 | D:8      | Found Xaujinur's Armour Shop.
  7208 | D:8      | Reached XP level 8. HP: 67/67 MP: 11/16
  7510 | D:7      | Found a broken altar of Ashenzari.
  7513 | D:7      | Found a stormy altar of Qazlal.
  7517 | D:7      | Found a shadowy altar of Dithmenos.
  7517 | D:7      | Found a glowing silver altar of Zin.
  7518 | D:7      | Found a radiant altar of Vehumet.
  7754 | D:7      | Found a hide-covered altar of Uskayaw.
  8071 | D:7      | Found a sand-covered staircase.
  8089 | Ossuary  | Entered an ossuary
  8249 | Ossuary  | Noticed a flying skull
  8249 | Ossuary  | Noticed a wraith
  8262 | Ossuary  | Noticed a flying skull
  8282 | Ossuary  | Noticed a flying skull
  8290 | Ossuary  | Noticed a wraith
  8323 | Ossuary  | Noticed a wraith
  8328 | Ossuary  | Killed a wraith
  8339 | Ossuary  | Noticed a flying skull
  8409 | D:7      | Reached skill level 5 in Fire Magic
  8409 | D:7      | Reached XP level 9. HP: 63/72 MP: 9/18
  9253 | D:6      | Reached skill level 5 in Shields
  9253 | D:6      | Reached skill level 5 in Evocations
  9430 | D:6      | Found Gethunn's Antique Armour Boutique.
 10045 | D:5      | Found a sparkling altar of Nemelex Xobeh.
 10245 | D:8      | Found Tiasch's Distillery.
 10286 | D:8      | Reached skill level 8 in Fighting
 10363 | D:8      | Found a glowing golden altar of the Shining One.
 10504 | D:8      | Reached skill level 5 in Invocations
 10800 | D:8      | Found Mutret's General Store.
 10801 | D:8      | You fall into a shaft and drop 3 floors!
 10804 | D:11     | Noticed a white ugly thing
 10814 | D:11     | Slain by a white ugly thing

Illustrated notes

Levels and vault maps discovered:
D:1:      dpeg_arrival_oval, layout_basic, hellmonk_ecumenical_altar_run_dry
D:2:      layout_loops_ring, minivault_19, dk_noncrumbling_3
D:3:      layout_basic, serial_rivers, chequers_serial_rivers_small_b,
          chequers_serial_rivers_large_a, chequers_serial_rivers_small_a,
          chequers_serial_rivers_micro_e, chequers_serial_rivers_room_b,
          ebering_dispersal_statue_hall, uniq_terence
D:4:      layout_loops_ring, portal_sewer_entry_a
D:5:      layout_loops_ring, nemelex_spade_bored_becter,
          minmay_temple_entry_stoned_glass, nicolae_elemental_shop, hex_medium
D:6:      layout_rooms, serial_shops, nicolae_shop_overgrown_old_shop,
          minmay_crystal_water, minmay_misc_feat_hallway
D:7:      layout_basic, nicolae_uskayaw_murder_on_the_dancefloor, minitemple,
          enter_ossuary_2
D:8:      layout_basic, mainiacjoe_overflow_brackets, lair_entry_dummy,
          serial_shops, nicolae_shop_stone, shop, shop, nicolae_stop_n_shop_2,
          kennysheep_little_box, minmay_parallelograms, uniq_grum
D:11:     layout_gridville, portal_ice_cave_entry_pillars_1
Temple:   nicolae_temple_x_marks_the_god

Skill      XL: |  1  2  3  4  5  6  7  8  9 |
---------------+----------------------------+-----
Hexes          | 2 3 4 |  4.4
Spellcasting   | 5 6 |  6.9
Invocations    | 1 2 3 4 5 |  5.1
Short Blades   | 1 2 3 4 |  4.6
Long Blades    | 1 2 3 4 |  4.6
Axes           | 1 2 3 4 |  4.6
Maces & Flails | 1 2 3 4 |  4.6
Polearms       | 1 2 3 4 |  4.6
Staves         | 1 2 3 4 |  4.6
Slings         | 1 2 3 4 |  4.6
Bows           | 1 2 3 4 |  4.6
Crossbows      | 1 2 3 4 |  4.6
Throwing       | 1 2 3 4 |  4.6
Armour         | 1 2 3 4 |  4.6
Dodging        | 1 2 3 4 |  4.6
Stealth        | 1 2 3 4 |  4.6
Unarmed Combat | 1 2 3 4 |  4.6
Conjurations   | 1 2 3 |  3.8
Summonings     | 1 2 3 |  3.8
Necromancy     | 1 2 3 |  3.8
Translocations | 1 2 3 |  3.8
Transmutations | 1 2 3 |  3.8
Ice Magic      | 1 2 3 |  3.8
Air Magic      | 1 2 3 |  3.8
Earth Magic    | 1 2 3 |  3.8
Poison Magic   | 1 2 3 |  3.8
Shields        | 3 4 5 |  5.4
Fire Magic     | 4 5 |  5.4
Evocations     | 3 4 5 |  5.4
Fighting       | 7 8 |  8.1

Action                   |  1- 3 |  4- 6 |  7- 9 || total
-------------------------+-------+-------+-------++-------
Melee: Dagger            |    12 |       |       ||    12
       Bite              |     3 |     7 |     7 ||    17
       Short sword       |    29 |    56 |    91 ||   176
       Punch             |     1 |       |       ||     1
       Morningstar       |       |       |     1 ||     1
 Cast: Shock             |    64 |       |    37 ||   101
       Sting             |    12 |   119 |   161 ||   292
       Frozen Ramparts   |       |       |    25 ||    25
Invok: Potion Petition   |       |       |     1 ||     1
Evoke: Wand              |       |       |     5 ||     5
  Use: Potion            |       |     1 |       ||     1
 Stab: Sleeping          |     4 |       |    11 ||    15
       Distracted        |       |       |     2 ||     2
Armor: Robe              |    16 |    26 |    47 ||    89
Dodge: Dodged            |    45 |    59 |   112 ||   216
Block: Buckler           |       |    27 |    51 ||    78

Table legend: (Time is in decaauts)
 A = Elapsed time spent in this place.
 B = Non-inter-level travel time spent in this place.
 C = Inter-level travel time spent in this place.
 D = Time resting spent in this place.
 E = Time spent auto-exploring this place.
 F = Levels seen in this place.
 G = Mean time per level.
                   A        B        C        D        E       F      G
               +--------+--------+--------+--------+--------+-----+--------+
         Total |  11007 |  10751 |    256 |    132 |   8511 |  12 |  917.2 |
       Dungeon |   9355 |   9104 |    251 |    132 |   7460 |   9 | 1039.4 |
        Temple |    103 |     99 |      4 |      0 |      0 |   1 |  103.0 |
         Sewer |   1243 |   1243 |      0 |      0 |    893 |   1 | 1243.0 |
       Ossuary |    304 |    304 |      0 |      0 |    158 |   1 |  304.0 |
               +--------+--------+--------+--------+--------+-----+--------+

Top non-repeatable levels by time:
     D:1: 1639 daAuts
     D:3: 1467 daAuts
     D:4: 1384 daAuts
     D:5: 1272 daAuts
   Sewer: 1243 daAuts
     D:7: 1202 daAuts
     D:8: 860 daAuts
     D:2: 799 daAuts
     D:6: 715 daAuts
 Ossuary: 304 daAuts
  Temple: 103 daAuts
    D:11: 12 daAuts
